 Dungeon Crawl Stone Soup version 0.30-a0-263-ge22c4ad894 (webtiles) character file.

Game seed: 1916560010326736569

3290 Sobieck the Fighter (level 10, 0/124 HPs)
             Began as an Ogre Transmuter on Oct 13, 2022.
             Was a Follower of Wu Jian.
             Slain by Gastronok (26 damage)
             ... on level 8 of the Dungeon.
             The game lasted 00:18:32 (7565 turns).

Sobieck the Fighter (Ogre Transmuter)               Turns: 7565, Time: 00:18:33

Health: 0/124      AC:  8    Str: 22    XL:     10   Next: 1%
Magic:  13/14      EV:  9    Int: 18    God:    Wu Jian [*.....]
Gold:   405        SH:  5    Dex:  9    Spells: 5/15 levels left

rFire   x . .      SeeInvis .      - Unarmed
rCold   + + +      Faith    .    (shield currently unavailable)
rNeg    . . .      Spirit   .    (body armour currently unavailable)
rPois   +          Reflect  +    (helmet currently unavailable)
rElec   .          Harm     .    (cloak currently unavailable)
rCorr   .          Rampage  .    (gloves unavailable)
Will    +....                    (boots unavailable)
Stlth   +.........               j - amulet of reflection
HPRegen 0.40/turn                C - ring of wizardry
MPRegen 0.14/turn                q - +6 ring of strength

@: ice-form, slowed, very slow
A: freezing attack, amphibious, boosted hp, large, unfitting armour, (tough skin
1)
a: End Transformation, Renounce Religion


You were on level 8 of the Dungeon.
You worshipped Wu Jian.
Wu Jian was aware of your devotion.
You were a creature of crystalline ice.
You visited 2 branches of the dungeon, and saw 9 of its levels.

You collected 405 gold pieces.


Innate Abilities, Weirdness & Mutations

You are a creature of crystalline ice.
You have a powerful freezing melee attack.
You are amphibious.
Your maximum health is increased.
Your armour is entirely melded.
You are incapable of wielding weapons or throwing items.
You are too large for most types of armour.
((You have tough skin. (AC +1)))


   Skills:
 - Level 8.0 Fighting
 - Level 1.7 Dodging
 - Level 7.0 Unarmed Combat
 - Level 3.0 Spellcasting
 + Level 7.1 Transmutations
 - Level 6.0 Ice Magic


You had 5 spell levels left.
You knew the following spells:

 Your Spells              Type           Power      Damage    Failure   Level
a - Beastly Appendage     Tmut           56%        N/A       1%          1
b - Wereblood             Tmut           28%        N/A       1%          2
c - Spider Form           Tmut/Pois      15%        N/A       4%          3
d - Ice Form              Ice/Tmut       26%        N/A       4%          4

Your spell library contained the following spells:

 Spells                   Type           Power      Damage    Failure   Level
 Foxfire                  Conj/Fire      8%         2x1d4     6%          1
 Gell's Gravitas          Tloc           2%         N/A       19%         3
 Lesser Beckoning         Tloc           4%         N/A       19%         3
 Teleport Other           Tloc           2%         N/A       19%         3
 Alistair's Intoxication  Tmut/Pois      10%        N/A       38%         5
 Borgnjor's Vile Clutch   Necr/Erth      1%         N/A       85%         5
 Fireball                 Conj/Fire      1%         3d3       85%         5
 Eringya's Noxious Bog    Tmut/Pois      7%         N/A       90%         6
 Dispersal                Tloc           1%         N/A       100%        6
 Starburst                Conj/Fire      1%         6d3       100%        6

Inventory:

Hand Weapons
 b - a +0 sling
   (You found it on level 1 of the Dungeon)
 d - a +0 short sword {short}
   (You found it on level 1 of the Dungeon)
 e - a +0 whip {mace}
   (You took it off a kobold on level 1 of the Dungeon)
Missiles
 g - 2 large rocks {=fthrowing}
 h - 72 stones {throwing}
 n - 16 poisoned darts {throwing}
 o - 6 boomerangs {throwing}
 z - 4 silver boomerangs {throwing}
Armour
 a - a +0 robe
 p - a +0 cloak
   (You found it on level 4 of the Dungeon)
 t - a +0 robe
   (You found it on level 2 of the Dungeon)
 w - a +0 robe
   (You took it off Jessica on level 3 of the Dungeon)
 x - a +2 robe of fire resistance (melded)
   (You took it off an orc wizard on level 3 of the Dungeon)
 y - a +0 robe
   (You found it on level 3 of the Dungeon)
 A - a +0 robe
   (You found it on level 3 of the Dungeon)
 B - a +0 robe
   (You found it on level 3 of the Dungeon)
 H - a +2 hat
   (You found it on level 5 of the Dungeon)
 L - a +0 robe
   (You found it on level 5 of the Dungeon)
 P - a +0 hat of willpower (melded)
   (You found it on level 6 of the Dungeon)
 Q - a +0 robe
   (You found it on level 6 of the Dungeon)
 V - a +0 robe
   (You took it off an orc wizard on level 8 of the Dungeon)
 W - a +0 robe
   (You took it off an orc wizard on level 8 of the Dungeon)
Jewellery
 f - a ring of see invisible
   (You found it on level 1 of the Dungeon)
 j - an amulet of reflection (around neck)
   (You found it on level 1 of the Dungeon)
 q - a +6 ring of strength (right front paw)
   (You found it on level 2 of the Dungeon)
 u - an amulet of faith {!P}
   (You found it on level 2 of the Dungeon)
 v - an amulet of regeneration {@e2}
   (You found it on level 4 of the Dungeon)
 C - a ring of wizardry (left front paw)
   (You found it on level 3 of the Dungeon)
 J - a ring of willpower
   (You found it on level 5 of the Dungeon)
 M - a ring of flight
   (You found it on level 6 of the Dungeon)
 T - a ring of willpower
   (You found it on level 7 of the Dungeon)
Wands
 R - a wand of flame (4)
   (You found it on level 7 of the Dungeon)
 U - a wand of digging (2)
   (You found it on level 7 of the Dungeon)
Scrolls
 c - 2 scrolls of brand weapon {unknown}
 F - 3 scrolls of vulnerability {!r!r}
 G - 2 scrolls of fog {unknown}
 I - a scroll of identify {@r1}
 K - a scroll of fear
 N - 3 scrolls of teleportation {@r4}
 O - a scroll of summoning {unknown}
 S - a scroll of magic mapping {!r}
Potions
 i - 2 potions of flight
 k - a potion of heal wounds {@q2}
 l - 3 potions of cancellation
 m - 3 potions of lignification {!q}
 r - 2 potions of mutation {!q}
 s - 3 potions of haste {unknown}
 D - 2 potions of curing {unknown}
 E - a potion of resistance {unknown}

Dungeon Overview and Level Annotations

Branches:
Dungeon (8/15) Zot: 26445  Temple (1/1) D:5 Zot: 5848
   Lair: D:8-11

Altars:
Ashenzari
Dithmenos
Elyvilon
Fedhas
Gozag
Kikubaaqudgha
Makhleb
Nemelex Xobeh
Okawaru
Qazlal
Ru
Trog
Wu Jian
Xom
Zin

Shops:
D:3 :   D:8 (

Annotations:
D:3 Sigmund
D:7 exclusion: door
D:8 Gastronok

##### ........... ....##
#......... .....#
#...$?...## ..†..#
###.........# .).###
#..........<# #).###.
###..........###
##))##..##.............#
##..##..###...<.Yw...#
#).###..........#....#
.)####..........#.......
#......................#
.....##........!##.....#
......##.....>........##
###...#.........#.......
####..###.####.##.......
.##........#..........


You could see Gastronok.


Message History

The Council accepts your kill.
You howl as the wereblood boils in your veins!
The orc hits you with a +0 short sword.
Unknown command.
You pummel the orc!! You freeze the orc.
You feel a bit better.
You kill the orc!
The Council accepts your kill.
Things that are here:
a +0 mace {mace}; an orc corpse
V - a +0 robe
Things that are here:
a +0 dagger {short}; an orc corpse
There is an open door here.
You start resting.
You howl as the wereblood boils in your veins!
Unknown command.
You start resting.
You howl as the wereblood boils in your veins!
Your primal bloodlust is almost over.
Unknown command.
You start resting.
Your primal bloodlust has ended.
Unknown command.
You start resting.
Your transformation is almost over.
You start resting.
You warm up again.
Your +0 hat of willpower unmelds from your body.
Your +2 robe of fire resistance unmelds from your body.
You feel strong-willed.
You feel resistant to fire.
Unknown command.
Unknown command.
Unknown command.
There is an open door here.
Things that are here:
a +0 dagger {short}; an orc corpse
W - a +0 robe
Things that are here:
a +0 dagger {short}; an orc corpse
Items here: )))) [.
Unknown command.
Things that are here:
a +0 short sword {short}; a +0 leather armour You see here a +0 shortbow {bow}.
You now have 405 gold pieces (gained 12).
Found a stone staircase leading down.
Unknown command.
h - 72 stones {throwing} (gained 4) Gastronok the Ponderous comes into view.
He is wearing the +3 hat of Pondering {ponderous, Will+ MP+10 Int+5}.
Danger!
Unknown command.
Unknown command.
Unknown command.
Found an escape hatch in the ceiling.
Casting: Wereblood (safe; 1% risk of failure)
Confirm with . or Enter, or press ? or * to list all spells.
Okay, then.
Unknown command.
Okay, then.
Unknown command.
You turn into a creature of crystalline ice.
Your +0 hat of willpower melds into your body.
Your +2 robe of fire resistance melds into your body.
You feel less strong-willed.
You feel less resistant to fire.
Unknown command.
Danger!
Gastronok gurgles horribly!
Unknown command.
Found a stone staircase leading up.
Unknown command.
Unknown command.
Okay, then.
Unknown command.
You take on a slight green cast.
Danger!
Unknown command.
Gastronok looks at you and mumbles some strange words.
You feel yourself slow down.
You punch Gastronok! You freeze Gastronok.
Unknown command.
You completely miss Gastronok.
Gastronok waves his eye-stalks in wide circles.
The air twists around and strikes you!
You punch Gastronok! You freeze Gastronok. Gastronok bites you!!
Unknown command.
You hit Gastronok. You freeze Gastronok. You completely miss Gastronok.
Gastronok bites you!!
Unknown command.
You punch Gastronok! You freeze Gastronok.
Gastronok waves his eye-stalks in wide circles.
The air twists around and strikes you!!
* * * LOW HITPOINT WARNING * * *
Unknown command.
You pummel Gastronok!! You freeze Gastronok!
Unknown command.
You hit Gastronok. You freeze Gastronok. Gastronok bites you!!!
* * * LOW HITPOINT WARNING * * *
Unknown command.
You feel much better. Gastronok bites you!!
You die...

Skill      XL: |  1  2  3  4  5  6  7  8  9 |
---------------+----------------------------+-----
Transmutations | 2 3 4 7 |  7.1
Fighting       | 2 3 4 5 6 7 8 |  8.0
Unarmed Combat | 3 4 5 6 7 |  7.0
Ice Magic      | 2 4 6 |  6.0
Spellcasting   | 3 |  3.0
Dodging        | |  1.7

Action                   |  1- 3 |  4- 6 |  7- 9 | 10-12 || total
-------------------------+-------+-------+-------+-------++-------
Melee: Unarmed           |   120 |   174 |   128 |    10 ||   432
       Kick              |    16 |    21 |       |       ||    37
       Headbutt          |    15 |    11 |       |       ||    26
       Punch             |       |     3 |     1 |       ||     4
 Fire: Sling             |    29 |    20 |       |       ||    49
 Cast: Beastly Appendage |    19 |    23 |       |       ||    42
       Wereblood         |       |     1 |     2 |       ||     3
       Spider Form       |       |    17 |     6 |       ||    23
       Ice Form          |       |       |    23 |     1 ||    24
Invok: Lunge             |       |     6 |    18 |       ||    24
  Use: Scroll            |       |    12 |       |       ||    12
       Potion            |       |       |     3 |     1 ||     4
 Stab: Sleeping          |       |       |     1 |       ||     1
Armor: Robe              |    36 |    40 |     2 |       ||    78
       Skin              |       |       |    30 |       ||    30
Dodge: Dodged            |    46 |    83 |    46 |       ||   175
Block: Other             |    20 |    36 |    22 |       ||    78

Levels and vault maps discovered:
D:1:      dpeg_arrival_fog, layout_loops_ring
D:2:      layout_rooms, shapermc_ecumenical_altar_petra,
          hangedman_decor_growths, lightli_corner_chamber
D:3:      layout_basic, grunt_temple_overflow_order_and_chaos_1,
          mainiacjoe_overflow_alcove_2, lemuel_tele_altar,
          grunt_temple_overflow_open, serial_shops,
          nicolae_shop_temple_entry_statues_fountains, minmay_misc_feat_room,
          grunt_ministairs_1, uniq_sigmund, uniq_jessica, uniq_natasha,
          uniq_terence
D:4:      layout_basic
D:5:      layout_loops_ring, nicolae_elyvilon_peaceful_grove,
          ashenzari_conservatory_becter, minmay_temple_entry_gardened_gates
D:6:      layout_basic, mainiacjoe_overflow_catwalk, uniq_prince_ribbit1
D:7:      layout_basic, trog_book, nicolae_kikubaaqudgha_miasma_corner,
          grunt_tough_drop
D:8:      layout_cave_pools, lair_entry_dummy, serial_shops,
          nicolae_square_shop, lightli_orcish_oven, uniq_erica, uniq_gastronok
Temple:   hellmonk_temple_beads

Notes
Turn   | Place    | Note
-------+----------+-------------------------------------------
     0 | D:1      | Sobieck the Ogre Transmuter began the quest for the Orb.
     0 | D:1      | Reached XP level 1. HP: 19/19 MP: 3/3
    97 | D:1      | Reached skill level 2 in Transmutations
    99 | D:1      | Reached XP level 2. HP: 26/28 MP: 0/5
   100 | D:1      | Reached skill level 2 in Fighting
   247 | D:1      | Reached skill level 3 in Unarmed Combat
   625 | D:1      | Reached XP level 3. HP: 32/36 MP: 4/6
  1161 | D:2      | Reached skill level 3 in Fighting
  1202 | D:2      | Reached XP level 4. HP: 45/45 MP: 7/7
  1562 | D:2      | Found a faded altar of an unknown god.
  1729 | D:3      | Noticed Jessica
  1733 | D:3      | Killed Jessica
  1806 | D:3      | Learned a level 2 spell: Wereblood
  1962 | D:3      | Reached XP level 5. HP: 35/54 MP: 6/8
  2064 | D:3      | Reached skill level 3 in Transmutations
  2084 | D:3      | Found a sparkling altar of Nemelex Xobeh.
  2293 | D:3      | Reached skill level 4 in Fighting
  2429 | D:3      | Reached skill level 4 in Unarmed Combat
  2510 | D:3      | Noticed Natasha
  2526 | D:3      | Killed Natasha
  2527 | D:3      | Reached XP level 6. HP: 42/63 MP: 7/9
  2622 | D:3      | Found an opulent altar of Gozag.
  2625 | D:3      | Found a blossoming altar of Fedhas.
  2628 | D:3      | Found a shadowy altar of Dithmenos.
  2628 | D:3      | Noticed Natasha
  2634 | D:3      | Killed Natasha
  2673 | D:3      | Found a shimmering altar of Xom.
  2681 | D:3      | Noticed an angel
  2683 | D:3      | Found a glowing silver altar of Zin.
  2684 | D:3      | Noticed Terence
  2703 | D:3      | Killed Terence
  2761 | D:3      | Noticed Sigmund
  2968 | D:3      | Found Jeyhoixeix's Book Boutique.
  3070 | D:3      | Learned a level 3 spell: Spider Form
  3323 | D:4      | You pick up a book of Fire and begin reading...
  3323 | D:4      | You add the spells Foxfire, Fireball and Starburst to your
                  | library.
  4063 | D:5      | Entered Level 5 of the Dungeon
  4063 | D:5      | Found a staircase to the Ecumenical Temple.
  4073 | Temple   | Entered the Ecumenical Temple
  4176 | Temple   | Became a worshipper of the Wu Jian Council
  4238 | D:5      | Found a broken altar of Ashenzari.
  4244 | D:5      | You pick up a book of Displacement and begin reading...
  4244 | D:5      | You add the spells Lesser Beckoning, Gell's Gravitas and
                  | Teleport Other to your library.
  4295 | D:5      | Identified the +0 pair of gloves "Caxting" {-Tele Rampage
                  | Int+6}
  4363 | D:5      | Reached skill level 5 in Fighting
  4550 | D:5      | Reached skill level 4 in Transmutations
  4550 | D:5      | Reached XP level 7. HP: 72/72 MP: 6/10
  4569 | D:5      | Learned a level 4 spell: Ice Form
  4794 | D:5      | Found a white marble altar of Elyvilon.
  5178 | D:5      | Reached skill level 6 in Fighting
  5178 | D:5      | Reached skill level 1 in Ice Magic
  5274 | D:6      | Noticed Prince Ribbit
  5280 | D:6      | Killed Prince Ribbit
  5281 | D:6      | Reached skill level 5 in Unarmed Combat
  5281 | D:6      | Reached skill level 2 in Ice Magic
  5427 | D:6      | Found a stormy altar of Qazlal.
  5468 | D:6      | Reached XP level 8. HP: 83/83 MP: 6/11
  5546 | D:6      | Reached skill level 3 in Ice Magic
  5827 | D:6      | Reached skill level 6 in Unarmed Combat
  6027 | D:6      | Reached skill level 4 in Ice Magic
  6221 | D:7      | Reached skill level 3 in Spellcasting
  6252 | D:7      | Noticed a hornet
  6264 | D:7      | Killed a hornet
  6427 | D:7      | You add the spells Alistair's Intoxication, Borgnjor's Vile
                  | Clutch and Eringya's Noxious Bog to your library.
  6563 | D:7      | Noticed a wyvern
  6566 | D:7      | Killed a wyvern
  6567 | D:7      | Reached skill level 7 in Fighting
  6567 | D:7      | Reached XP level 9. HP: 93/93 MP: 13/13
  6639 | D:7      | Found an ancient bone altar of Kikubaaqudgha.
  6783 | D:7      | Reached skill level 5 in Transmutations
  6783 | D:7      | Reached skill level 5 in Ice Magic
  6837 | D:7      | Found a bloodstained altar of Trog.
  6904 | D:7      | Reached * piety under Wu Jian
  7012 | D:8      | Found Maineom's Weapon Emporium.
  7083 | D:8      | Noticed a hornet
  7097 | D:8      | Killed a hornet
  7098 | D:8      | Reached skill level 7 in Unarmed Combat
  7100 | D:8      | Reached skill level 8 in Fighting
  7374 | D:8      | Noticed a seven-headed hydra
  7382 | D:8      | HP: 24/115 [seven-headed hydra (7)]
  7383 | D:8      | HP: 4/115 [seven-headed hydra (9)]
  7384 | D:8      | Killed a seven-headed hydra
  7385 | D:8      | Reached skill level 6 in Transmutations
  7385 | D:8      | Reached skill level 6 in Ice Magic
  7411 | D:8      | Reached skill level 7 in Transmutations
  7419 | D:8      | Reached XP level 10. HP: 89/104 MP: 8/14
  7528 | D:8      | Gastronok the Ponderous comes into view. He is wearing the
                  | +3 hat of Pondering {ponderous, Will+ MP+10 Int+5}.
  7528 | D:8      | Noticed Gastronok
  7564 | D:8      | HP: 7/124 [Gastronok (36)]
  7565 | D:8      | Slain by Gastronok

Vanquished Creatures
  A hydra (D:8)
  Prince Ribbit (D:6)
  2 hornets
  A wyvern (D:7)
  2 water moccasins (D:7)
  2 sky beasts (D:7)
  2 ogres
  2 centaurs
  2 bullfrogs
  5 scorpions
  2 necrophages (D:6)
  A howler monkey (D:8)
  2 hounds
  A jelly (D:5)
  2 orc priests (D:8)
  Jessica (D:3)
  4 iguanas
  Terence (D:3)
  Natasha (twice) (D:3)
  3 orc wizards
  10 adders
  An ufetubus (D:5)
  2 worms
  2 dart slugs
  24 orcs
  8 ball pythons
  7 endoplasms
  5 giant cockroaches
  7 goblins
  12 hobgoblins
  4 jackals (D:2)
  6 quokkas
  7 bats
  A frilled lizard (D:1)
  4 kobolds
  5 rats (D:1)
144 creatures vanquished.

Vanquished Creatures (others)
  An orc wizard (D:3)
  A kobold (D:3)
  A butterfly (D:5)
  2 plants
5 creatures vanquished.

Grand Total: 149 creatures vanquished

Table legend:
 A = Non-vault XP
 B = Vault XP
 C = Vault XP percentage of total XP
 D = Non-vault monster count
 E = Vault monster count
 F = Vault count percentage of total count
                 A         B        C        D         E       F
            +---------+---------+-------+---------+---------+-------
      Total |    3777 |     923 |  19.6 |     124 |      21 |  14.5
            +---------+---------+-------+---------+---------+-------
        D:1 |      40 |       0 |   0.0 |      26 |       0 |   0.0
        D:2 |      76 |       0 |   0.0 |      19 |       0 |   0.0
        D:3 |     133 |     188 |  58.6 |      23 |       9 |  28.1
        D:4 |      40 |       0 |   0.0 |      13 |       0 |   0.0
        D:5 |     332 |       0 |   0.0 |      11 |       0 |   0.0
        D:6 |     738 |     277 |  27.3 |      12 |       1 |   7.7
        D:7 |     954 |     443 |  31.7 |      10 |       6 |  37.5
        D:8 |    1464 |      15 |   1.0 |      10 |       5 |  33.3
            +---------+---------+-------+---------+---------+-------

Illustrated notes

Table legend:
 A = Kills in this place as a percentage of kills in entire the game.
 B = Kills by you in this place as a percentage of kills by you in the entire game.
 C = Kills by friends in this place as a percentage of kills by friends in the entire game.
 D = Other kills in this place as a percentage of other kills in the entire game.
 E = Experience gained in this place as a percentage of experience gained in the entire game.
 F = Experience gained in this place divided by the number of levels of this place that you have seen.
                   A       B       C       D       E      F
               +-------+-------+-------+-------+-------+----------------------
         Total | 100.0 | 100.0 |   N/A | 100.0 | 100.0 | 522.2
       Dungeon | 100.0 | 100.0 |   N/A | 100.0 | 100.0 | 587.5
               +-------+-------+-------+-------+-------+----------------------

Table legend: (Time is in decaauts)
 A = Elapsed time spent in this place.
 B = Non-inter-level travel time spent in this place.
 C = Inter-level travel time spent in this place.
 D = Time resting spent in this place.
 E = Time spent auto-exploring this place.
 F = Levels seen in this place.
 G = Mean time per level.
                   A        B        C        D        E       F      G
               +--------+--------+--------+--------+--------+-----+--------+
         Total |   7544 |   7102 |    442 |    924 |   4738 |   9 |  838.2 |
       Dungeon |   7392 |   6998 |    394 |    924 |   4656 |   8 |  924.0 |
        Temple |    151 |    103 |     48 |      0 |     82 |   1 |  151.0 |
               +--------+--------+--------+--------+--------+-----+--------+

Top non-repeatable levels by time:
     D:3: 1471 daAuts
     D:7: 1096 daAuts
     D:5: 1042 daAuts
     D:2: 939 daAuts
     D:1: 896 daAuts
     D:6: 871 daAuts
     D:4: 740 daAuts
     D:8: 334 daAuts
  Temple: 151 daAuts
